 Dungeon Crawl Stone Soup version 0.19.1-1-g22dce08 (webtiles) character file.

128 HessuHobo the Conjurer (level 4, 0/24 HPs)
             Began as a Deep Elf Conjurer on Dec 28, 2016.
             Slain by an orc
             ... wielding a +0 dagger
              (1 damage)
             ... on level 2 of the Dungeon.
             The game lasted 00:13:39 (2418 turns).

HessuHobo the Conjurer (Deep Elf Conjurer)          Turns: 2418, Time: 00:13:39

Health: 0/24       AC:  2    Str:  6    XL:     4   Next: 87%
Magic:  2/10       EV: 13    Int: 20    God:
Gold:   189        SH:  0    Dex: 15    Spells: 3 memorised, 2 levels left

rFire  . . .     SeeInvis .     e - +0 short sword
rCold  . . .     Gourm    .     a - +0 robe
rNeg   . . .     Faith    .     (no shield)
rPois  .         Spirit   .     (no helmet)
rElec  .         Reflect  .     (no cloak)
rCorr  .         Harm     .     (no gloves)
MR     .....                    (no boots)
Stlth  ++........               (no amulet)
                                (no ring)
                                (no ring)

@: slowed, very slow
A: no striking features
a: no special abilities


You were on level 2 of the Dungeon.
You were not hungry.

You visited 1 branch of the dungeon, and saw 3 of its levels.

You collected 189 gold pieces.

Inventory:

Hand Weapons
 e - a +0 short sword (weapon)
Armour
 a - a +0 robe (worn)
Jewellery
 i - a cursed amulet of inaccuracy {unknown}
Scrolls
 g - 3 scrolls of teleportation {unknown}
 k - a scroll of enchant armour {unknown}
 m - a scroll of random uselessness {unknown}
 n - 2 scrolls of remove curse {unknown}
 r - a scroll of noise {unknown}
 t - a scroll of fear {unknown}
 v - a scroll of immolation {unknown}
Potions
 f - a potion of might {unknown}
 j - 2 potions of curing {unknown}
 o - a potion of cure mutation {unknown}
 p - a potion of haste {unknown}
 q - a potion of flight {unknown}
 s - a potion of berserk rage {unknown}
Books
 b - a book of Conjurations

   Spells                             Type                      Level
   a - Magic Dart                     Conjuration                  1
   b - Searing Ray                    Conjuration                  2
   c - Dazzling Spray                 Conjuration/Hexes            3
   d - Fulminant Prism                Conjuration/Hexes            4
   e - Iskenderun's Mystic Blast      Conjuration                  4
   f - Iskenderun's Battlesphere      Conjuration/Charms           5
Comestibles
 c - 3 bread rations
 d - a royal jelly
 h - 2 meat rations
 l - a beef jerky
 u - 2 chunks of flesh


   Skills:
 - Level 2.4 Dodging
 - Level 2.5 Stealth
 - Level 3.0 Spellcasting
 + Level 6.8 Conjurations


You had 2 spell levels left.
You knew the following spells:

 Your Spells              Type           Power        Failure   Level  Hunger
a - Magic Dart            Conj           ####         1%          1    None
b - Searing Ray           Conj           ####..       1%          2    ##.....
c - Iskenderun's Mystic   Conj           ####....     10%         4    ####...


Dungeon Overview and Level Annotations

Branches:
Dungeon (3/15)

Altars:
Gozag
Hepliaklqana
Nemelex Xobeh
Okawaru
Trog


Message History

The orc wizard hits you but does no damage.
The orc misses you.
The orc wizard hits you with a dagger of speed.
The orc closely misses you.
Casting: Magic Dart
Confirm with . or Enter, or press ? or * to list all spells.
Aiming: Magic Dart
Press: ? - help, Shift-Dir - straight line, f/p - orc wizard
Aim: an orc wizard, wielding a dagger of speed and wearing a robe (almost dead)
The magic dart hits the orc wizard.
You kill the orc wizard!
The orc closely misses you. The orc hits you with a dagger.
* * * LOW HITPOINT WARNING * * *
The orc hits you with a dagger.
* * * LOW HITPOINT WARNING * * *
Things that are here:
a dagger of speed; a robe The orc hits you with a dagger.
You die...

#.######.# #.# #.# #.#
#.######## #.#
#.#......# #.#
###.#.####.####### #.#
#>[...(........... #.#
#)#.#.####.##...## #.#
#o#.#.####.###..##
#.####@..........###.+.
#.##.....#.####.##_####
#........#.######...#
#####.....#....####'####
#......##.######.#...#.#
#.####.##........'.⌠.'._
#.# #.#####..##.#...#.#
#.# #.........####'####
#.# #######..####...#


You could see an orc.

Vanquished Creatures
  An orc wizard (D:2)
  5 adders
  2 dart slugs (D:1)
  3 leopard geckos (D:3)
  4 orcs (D:3)
  A ball python (D:2)
  5 giant cockroaches
  3 goblins
  2 hobgoblins (D:2)
  7 kobolds
  A quokka (D:2)
  3 bats
  3 frilled lizards
  7 rats
47 creatures vanquished.

Notes
Turn   | Place    | Note
-------+----------+-------------------------------------------
     0 | D:1      | HessuHobo the Deep Elf Conjurer began the quest for the Orb.
     0 | D:1      | Reached XP level 1. HP: 10/10 MP: 6/6
   285 | D:1      | Found a sparkling altar of Nemelex Xobeh.
   348 | D:1      | Reached XP level 2. HP: 6/15 MP: 5/8
   817 | D:1      | Reached skill level 5 in Conjurations
  1121 | D:1      | Reached XP level 3. HP: 19/19 MP: 7/9
  1131 | D:1      | Learned a level 2 spell: Searing Ray
  1242 | D:2      | Found a hazy altar of Hepliaklqana.
  1558 | D:2      | Reached skill level 6 in Conjurations
  1802 | D:2      | Reached XP level 4. HP: 24/24 MP: 6/10
  2014 | D:2      | Found a bloodstained altar of Trog.
  2017 | D:2      | Found an iron altar of Okawaru.
  2020 | D:2      | Found an opulent altar of Gozag.
  2147 | D:3      | Learned a level 4 spell: Iskenderun's Mystic Blast
  2237 | D:3      | Found a faded altar of an unknown god.
  2416 | D:2      | HP: 1/24 [orc/dagger (4)]
  2418 | D:2      | Slain by an orc

Skill      XL: |  1  2  3 |
---------------+----------+-----
Conjurations   | 5 6 |  6.8
Dodging        | |  2.4
Stealth        | |  2.5
Spellcasting   | |  3.0

Action                   |  1- 3 |  4- 6 || total
-------------------------+-------+-------++-------
 Cast: Magic Dart        |    55 |    29 ||    84
       Searing Ray       |     1 |       ||     1
       Iskenderun's Myst |       |     3 ||     3
  Eat: Chunk             |     3 |     2 ||     5
Armor: Robe              |       |     2 ||     2
Dodge: Dodged            |     4 |     9 ||    13
